Map: Ever Dream LE

Players

ShoWTimE - Winner!

  • Race: Protoss Protoss
  • League: Grandmaster
  • Spawn Location: 1:00

DnS

  • Race: Protoss Protoss
  • Spawn Location: 7:00

Event: DreamHack SC2 Masters 2020 Fall

VOD

Have the link to the VOD?

Description

Time

  • Played on: Aug. 28, 2020, 11:35 a.m.
  • Length: 19:25

All games in this series

Show
View Real Time Build Order
Export as new Build Order

ShoWTimE Protoss - Winner!

Build Orders: Phoenix Opening, Blink Stalkers 

Get SALT Encoding   

  12  0:00  Probe  
  13  0:12  Probe  
  14  0:17  Pylon  
  14  0:24  Probe (Chrono Boost)  
  16  0:36  Gateway, Probe (Chrono Boost)  
  16  0:43  Probe (Chrono Boost)  
  16  0:45  Assimilator  
  17  0:50  Probe  
  17  0:53  Assimilator  
  18  1:03  Probe (Chrono Boost)  
  19  1:09  Gateway  
  19  1:14  Probe (Chrono Boost)  
  20  1:18  Probe (Chrono Boost)  
  20  1:23  Cybernetics Core  
  21  1:29  Probe  
  22  1:33  Pylon  
  22  1:41  Probe  
  23  1:53  Probe  
  24  1:59  Stalker  
  24  2:00  Warp Gate  
  26  2:08  Stalker  
  26  2:13  Pylon  
  28  2:20  Probe  
  29  2:31  Sentry  
  31  2:39  Sentry  
  33  2:48  Nexus, Probe  
  34  2:55  Shield Battery  
  34  2:59  Sentry  
  34  3:04  Probe (Chrono Boost)  
  37  3:05  Phoenix  
  37  3:11  Pylon  
  36  3:16  Probe (Chrono Boost)  
  37  3:20  Twilight Council  
  37  3:22  Probe (Chrono Boost)  
  38  3:30  Probe (Chrono Boost)  
  40  3:41  Probe (Chrono Boost)  
  40  3:46  Probe (Chrono Boost)  
  40  3:47  Forge  
  41  3:57  Blink  
  41  4:00  Probe x2 (Chrono Boost)  
  43  4:09  Probe (Chrono Boost)  
  45  4:12  Probe (Chrono Boost)  
  45  4:14  Protoss Ground Weapons Level 1 (Chrono Boost)  
  45  4:15  Probe (Chrono Boost)  
  45  4:16  Phoenix  
  45  4:22  Stalker  
  49  4:26  Probe (Chrono Boost)  
  49  4:27  Robotics Facility, Probe (Chrono Boost)  
  50  4:33  Probe (Chrono Boost)  
  50  4:34  Assimilator, Probe (Chrono Boost)  
  52  4:42  Probe  
  52  4:45  Probe  
  54  4:54  Probe  
  54  4:55  Pylon  
  54  4:57  Stalker x2  
  59  5:05  Gateway x2  
  59  5:10  Probe x2  
  61  5:17  Observer  
  61  5:19  Nexus  
  62  5:22  Phoenix  
  62  5:27  Pylon  
  62  5:29  Probe x2  
  64  5:36  Pylon  
  64  5:40  Warp Prism  
  64  5:41  Phoenix  
  64  5:42  Probe x2  
  68  5:45  Pylon  
  68  5:51  Gateway  
  68  5:52  Gateway  
  68  5:55  Probe  
  68  5:56  Probe  
  70  5:59  Pylon  
  70  6:08  Stalker x2  
  70  6:10  Charge  
  74  6:12  Probe x2  
  74  6:17  Protoss Ground Weapons Level 2 (Chrono Boost), Observer  
  77  6:21  Phoenix  
  77  6:24  Probe x2 (Chrono Boost)  
  79  6:35  Probe x2 (Chrono Boost)  
  79  6:36  Shield Battery  
  79  6:37  Probe (Chrono Boost)  
  79  6:38  Immortal  
  79  6:39  Probe (Chrono Boost)  
  86  6:42  Probe  
  86  6:44  Assimilator  
  88  6:49  Probe  
  88  6:52  Probe  
  90  6:56  Stalker x4  
  98  7:02  Shield Battery  
  98  7:06  Pylon  
  98  7:08  Probe x3  
  100  7:10  Assimilator  
  100  7:14  Assimilator  
  101  7:21  Templar Archives  
  101  7:22  Gateway  
  101  7:25  Gateway  
  101  7:31  Probe x2  
  101  7:32  Observer  
  101  7:35  Pylon  
  101  7:36  Zealot x3  
  109  7:37  Photon Cannon  
  109  7:41  Zealot x2  
  113  7:46  Pylon  
  113  7:56  Photon Cannon  
  113  7:57  Photon Cannon  
  113  8:03  High Templar x2  
  113  8:04  High Templar x3  
  113  8:05  High Templar  
  125  8:08  Archon  
  125  8:09  Archon x2  
  126  8:20  Pylon, Nexus, Probe x2  
  126  8:22  Zealot x2, Pylon  
  131  8:30  Protoss Ground Weapons Level 3 (Chrono Boost)  
  131  8:35  Robotics Bay  
  131  8:36  Robotics Facility  
  131  8:45  Pylon  
  131  8:47  Zealot x5  
  131  8:48  Zealot  
  143  8:49  Zealot  
  143  8:52  Zealot  
  147  8:56  Pylon  
  147  8:59  Dark Shrine  
  147  9:03  Probe x2  
  149  9:12  Shield Battery  
  149  9:14  Photon Cannon  
  149  9:18  Unknown  
  149  9:20  Disruptor (Chrono Boost)  
  155  9:30  Disruptor (Chrono Boost), Phoenix  
  145  9:32  Stalker x4  
  145  9:33  Stalker x2  
  157  9:39  Stalker x2  
  161  9:46  Disruptor (Chrono Boost)  
  161  9:50  Pylon  
  161  9:52  Pylon  
  164  9:55  Disruptor (Chrono Boost)  
  167  10:00  Photon Cannon  
  167  10:03  Pylon  
  167  10:08  Probe x4  
  171  10:18  Stalker x5  
  171  10:19  Pylon, Stalker  
  183  10:27  Disruptor (Chrono Boost)  
  169  10:36  Zealot  
  169  10:37  Disruptor (Chrono Boost), Zealot  
  169  10:39  Observer  
  146  10:44  Stalker x4  
  138  10:51  Stalker x2  
  142  11:01  Disruptor (Chrono Boost)  
  145  11:05  Disruptor (Chrono Boost)  
  145  11:07  Stalker x5  
  158  11:29  Pylon  
  158  11:31  Disruptor (Chrono Boost), Zealot x5  
  171  11:35  Disruptor (Chrono Boost)  
  99  11:40  Shadow Stride (Chrono Boost)  
  174  11:41  Dark Templar x2  
  177  11:58  Protoss Shields Level 1 (Chrono Boost)  
  177  11:59  Disruptor  
  177  12:01  Stargate  
  180  12:06  Disruptor, Nexus  
  183  12:08  Gateway  
  183  12:09  Gateway  
  183  12:10  Gateway  
  183  12:12  Photon Cannon  
  180  12:22  Dark Templar x3  
  180  12:24  Photon Cannon  
  180  12:27  Zealot, Dark Templar  
  193  12:39  Disruptor (Chrono Boost)  
  193  12:42  Disruptor (Chrono Boost), Photon Cannon  
  193  12:43  Shield Battery  
  191  12:58  Dark Templar x2  
  191  12:59  Dark Templar x2  
  191  13:00  Assimilator  
  191  13:05  Assimilator  
  199  13:07  Photon Cannon  
  199  13:08  Observer  
  200  13:26  Dark Templar  
  200  13:27  Dark Templar x2  
  190  13:37  Oracle (Chrono Boost), Probe x3  
  190  13:38  Probe  
  193  13:45  Fleet Beacon  
  193  13:47  Stargate  
  193  13:48  Stargate  
  187  13:53  Dark Templar x3  
  179  13:57  Pylon  
  179  14:02  Zealot x2, Dark Templar x2  
  181  14:03  Zealot x4  
  187  14:25  Observer  
  187  14:30  Disruptor x2  
  191  14:32  Zealot  
  191  14:33  Zealot x3  
  191  14:35  Nexus  
  198  14:55  Zealot  
  186  15:10  Dark Templar  
  186  15:11  Dark Templar x6  
  200  15:19  Nexus  
  200  15:26  Pylon x2  
  200  15:33  Protoss Shields Level 2 (Chrono Boost)  
  200  15:49  Stalker x5  
  193  16:06  Photon Cannon  
  193  16:08  Photon Cannon  
  193  16:09  Tempest (Chrono Boost), Photon Cannon  
  197  16:15  Tempest (Chrono Boost)  
  192  16:20  Stalker x4  
  192  16:21  Stalker x3  
  194  16:29  Disruptor x2  
  191  16:36  Zealot x4  
  197  16:42  Observer  
  185  17:07  Assimilator  
  185  17:10  Stalker x6  
  185  17:11  Stalker  
  199  17:31  Assimilator  
  196  17:43  Observer  
  161  17:45  Stalker x2  
  161  17:46  Stalker x3  
  161  17:48  Disruptor  
  154  18:01  Probe  
  154  18:04  Disruptor, Pylon  
  158  18:06  Zealot x3, Shield Battery  
  158  18:07  Zealot x3, Shield Battery  
  158  18:09  Nexus, Pylon  
  170  18:15  Gravitic Boosters (Chrono Boost)  
  170  18:21  Pylon  
  170  18:25  Observer  
  171  18:36  Zealot x5  
  171  18:37  Zealot x2  
  171  18:40  Observer  
  186  18:43  Unknown  
Show
View Real Time Build Order
Export as new Build Order

DnS Protoss 

Build Orders:  

Get SALT Encoding   

  12  0:00  Probe  
  13  0:12  Probe  
  14  0:17  Pylon  
  14  0:24  Probe (Chrono Boost)  
  15  0:36  Gateway, Probe (Chrono Boost)  
  16  0:43  Probe (Chrono Boost)  
  16  0:45  Assimilator  
  17  0:51  Probe  
  17  0:53  Assimilator  
  18  1:03  Probe (Chrono Boost)  
  19  1:06  Gateway  
  19  1:12  Probe (Chrono Boost)  
  19  1:17  Probe (Chrono Boost)  
  20  1:24  Cybernetics Core  
  21  1:29  Probe  
  22  1:33  Pylon  
  22  1:41  Probe  
  23  1:53  Probe  
  24  2:01  Warp Gate, Stalker x2  
  28  2:11  Pylon  
  28  2:22  Probe  
  29  2:27  Pylon  
  29  2:32  Sentry x2  
  33  2:51  Probe  
  33  2:53  Nexus  
  34  3:03  Stalker  
  38  3:11  Shield Battery  
  38  3:17  Probe  
  37  3:21  Twilight Council  
  37  3:29  Probe  
  37  3:32  Forge  
  38  3:34  Pylon  
  38  3:41  Probe (Chrono Boost)  
  39  3:54  Probe (Chrono Boost)  
  40  4:00  Probe (Chrono Boost)  
  40  4:01  Blink, Dark Shrine  
  41  4:06  Probe (Chrono Boost)  
  43  4:10  Protoss Ground Weapons Level 1 (Chrono Boost)  
  43  4:11  Probe (Chrono Boost)  
  43  4:16  Probe (Chrono Boost)  
  44  4:21  Probe (Chrono Boost)  
  44  4:23  Probe (Chrono Boost)  
  46  4:28  Stalker  
  49  4:32  Probe (Chrono Boost)  
  49  4:33  Assimilator, Probe (Chrono Boost)  
  50  4:39  Probe (Chrono Boost)  
  50  4:40  Stalker  
  50  4:42  Probe (Chrono Boost)  
  54  4:46  Probe  
  54  4:52  Probe  
  56  4:54  Pylon  
  56  4:58  Probe  
  57  5:00  Robotics Facility  
  57  5:04  Probe  
  58  5:07  Gateway  
  58  5:08  Gateway  
  58  5:10  Probe  
  59  5:16  Dark Templar  
  60  5:23  Pylon  
  60  5:27  Probe x2  
  62  5:38  Nexus  
  62  5:41  Probe x2, Pylon  
  64  5:43  Pylon  
  64  5:48  Observer  
  65  5:54  Probe x2  
  67  6:04  Stalker x4  
  67  6:07  Protoss Ground Weapons Level 2 (Chrono Boost)  
  67  6:10  Probe x2  
  77  6:19  Assimilator  
  77  6:22  Probe  
  77  6:23  Probe  
  79  6:27  Charge  
  79  6:35  Probe  
  79  6:36  Stalker x3  
  86  6:45  Pylon  
  86  6:48  Gateway  
  86  6:51  Gateway  
  86  6:53  Robotics Bay  
  86  7:01  Shield Battery  
  86  7:03  Shield Battery  
  86  7:05  Stalker  
  86  7:06  Stalker x2  
  86  7:07  Probe  
  93  7:10  Probe  
  93  7:12  Stalker  
  93  7:13  Probe  
  97  7:15  Pylon  
  97  7:19  Probe  
  97  7:22  Probe  
  99  7:25  Assimilator, Probe  
  99  7:26  Assimilator  
  100  7:31  Robotics Facility, Probe  
  100  7:34  Probe  
  102  7:37  Probe  
  102  7:38  Disruptor (Chrono Boost)  
  102  7:43  Probe  
  107  7:46  Probe  
  107  7:47  Photon Cannon  
  107  7:49  Probe  
  109  7:55  Probe  
  110  8:01  Stalker x3  
  116  8:05  Pylon  
  116  8:06  Pylon  
  116  8:08  Pylon  
  116  8:10  Pylon  
  114  8:17  Photon Cannon  
  117  8:22  Disruptor (Chrono Boost)  
  117  8:25  Disruptor (Chrono Boost), Pylon  
  120  8:27  Zealot x3  
  120  8:28  Zealot x3  
  130  8:46  Shield Battery  
  130  8:48  Disruptor (Chrono Boost)  
  130  8:51  Disruptor (Chrono Boost)  
  136  8:58  Zealot x6  
  136  9:00  Protoss Ground Weapons Level 3 (Chrono Boost)  
  148  9:08  Pylon  
  148  9:10  Pylon  
  148  9:17  Disruptor  
  148  9:19  Disruptor  
  154  9:32  Stalker x3  
  154  9:36  Nexus  
  160  9:39  Pylon  
  160  9:43  Dark Shrine  
  160  9:47  Gateway  
  160  9:49  Gateway  
  160  9:52  Disruptor  
  160  9:58  Stalker x4  
  169  10:05  Stalker x2  
  173  10:13  Probe x3  
  176  10:24  Photon Cannon  
  162  10:37  Zealot x6  
  151  10:43  Disruptor (Chrono Boost)  
  151  10:50  Disruptor (Chrono Boost)  
  151  10:52  Gateway  
  151  10:53  Probe x3  
  151  10:54  Gateway, Probe  
  155  10:57  Gateway  
  155  11:04  Sentry x2  
  155  11:05  Stalker x2  
  163  11:14  Shadow Stride (Chrono Boost), Probe x2  
  163  11:15  Probe  
  163  11:17  Disruptor x2 (Chrono Boost), Assimilator  
  163  11:18  Assimilator  
  170  11:28  Gravitic Boosters (Chrono Boost)  
  162  11:41  Photon Cannon x2  
  162  11:43  Shield Battery  
  162  11:45  Observer, Pylon  
  162  11:46  Observer  
  162  11:57  Dark Templar x6  
  162  11:58  Dark Templar  
  176  12:06  Disruptor  
  179  12:27  Dark Templar x2, Observer  
  184  12:32  Nexus  
  184  12:34  Pylon  
  180  12:39  Dark Templar x3  
  180  12:40  Dark Templar, Observer  
  186  12:46  Photon Cannon  
  176  13:01  Disruptor  
  176  13:02  Disruptor  
  182  13:10  Stalker x5  
  190  13:24  Nexus  
  190  13:28  Protoss Ground Armor Level 1 (Chrono Boost)  
  190  13:34  Stargate  
  190  13:37  Disruptor  
  164  13:55  Pylon  
  164  13:57  Pylon  
  164  14:02  Stalker x9  
  182  14:09  Disruptor  
  180  14:31  Stalker x2  
  180  14:32  Stalker x7  
  198  14:40  Nexus  
  198  14:48  Fleet Beacon  
  196  14:53  Stargate  
  194  15:01  Nexus  
  194  15:02  Pylon  
  148  15:09  Disruptor (Chrono Boost)  
  148  15:11  Disruptor (Chrono Boost)  
  148  15:13  Photon Cannon  
  140  15:15  Photon Cannon  
  140  15:16  Photon Cannon  
  140  15:19  Photon Cannon  
  140  15:22  Stalker, Photon Cannon  
  140  15:23  Stalker x8  
  158  15:42  Disruptor (Chrono Boost)  
  158  15:50  Disruptor (Chrono Boost)  
  158  15:59  Nexus  
  158  16:00  Photon Cannon  
  158  16:02  Photon Cannon  
  158  16:08  Stalker x4  
  162  16:18  Disruptor  
  155  16:26  Observer  
  132  16:42  Stalker x4  
  140  16:47  Disruptor  
  107  17:50  Stalker  
  107  17:51  Stalker x8  
  96  18:14  Stalker x7  

Tags
 
Add a new tag
Caveats
  • Supply blocks, unpowered buildings, or Contaminate may cause inaccurate times.
  • Supply counts are checked every 10 seconds.